 Dungeon Crawl Stone Soup version 0.29.0-4-gdea44cf6ec (webtiles) character file.

Game seed: 14287362485270648685

30 qw the Chopper (level 3, -5/31 HPs)
             Began as a Minotaur Fighter on Sept 4, 2022.
             Slain by Terence
             ... wielding a +2 flail of protection
              (8 damage)
             ... on level 2 of the Dungeon.
             The game lasted 00:00:24 (1056 turns).

qw the Chopper (Minotaur Fighter)                   Turns: 1056, Time: 00:00:25

Health: -5/31      AC:  9    Str: 22    XL:     3   Next: 5%
Magic:  2/2        EV:  7    Int:  5    God:
Gold:   42         SH:  4    Dex:  9    Spells: 2/2 levels left

rFire   . . .      SeeInvis .   Y - +0 war axe
rCold   . . .      Faith    .   c - +0 buckler
rNeg    . . .      Spirit   .   e - +0 chain mail
rPois   .          Reflect  .   (helmet restricted)
rElec   .          Harm     .   (no cloak)
rCorr   .          Rampage  .   (no gloves)
Will    .....                   (no boots)
Stlth   ..........              (no amulet)
HPRegen 0.10/turn               (no ring)
MPRegen 0.08/turn               (no ring)

@: no status effects
A: horns 2, retaliatory headbutt
a: no special abilities


You were on level 2 of the Dungeon.
You visited 1 branch of the dungeon, and saw 2 of its levels.

You collected 42 gold pieces.


Innate Abilities, Weirdness & Mutations

You have a pair of horns on your head.
You reflexively headbutt those who attack you in melee.


   Skills:
 - Level 3.6 Fighting
 + Level 4.3 Axes
 - Level 3.6 Armour
 - Level 3.6 Shields


You had 2 spell levels left.
You didn't know any spells.
Your spell library was empty.

Inventory:

Hand Weapons
 Y - a +0 war axe (weapon)
Armour
 c - a +0 buckler (worn)
 e - a +0 chain mail (worn)
Jewellery
 a - a ring of magical power
Potions
 b - a potion of haste {unknown}
 d - a potion of might

Dungeon Overview and Level Annotations

Branches:
Dungeon (2/15)

Altars:

Shops:
D:1 (

Annotations:
D:2 Terence


Message History

The worm is heavily wounded.
The worm bites you.
You barely miss the worm.
The worm is heavily wounded.
You block the worm's attack.
You hit the worm. You headbutt the worm!
The worm is almost dead.
The worm bites you but does no damage.
You hit the worm.
You kill the worm!
You have reached level 3!
Your experience leads to an increase in your attributes!
Increase (S)trength, (I)ntelligence, or (D)exterity?
You feel stronger. x2
You start resting.
HP restored.
b - a murky silvery potion You now have enough gold to buy a +0 mace on D:1.
You can access your shopping list by pressing '$'.
You now have 42 gold pieces (gained 17).
Terence the Incautious comes into view.
He is wielding a +2 flail of protection.
Found 11 gold pieces.
Terence shouts!
You hit Terence but do no damage.
Terence drinks a potion.
Terence goes berserk!
Terence hits you with a +2 flail of protection!
You hit Terence but do no damage.
Terence hits you with a +2 flail of protection. x2
You closely miss Terence. Your headbutt misses Terence.
Terence hits you with a +2 flail of protection! x2
You hit Terence but do no damage. You headbutt Terence, but do no damage.
Terence barely misses you. Terence completely misses you.
You furiously retaliate!
You headbutt Terence, but do no damage. You hit Terence but do no damage.
You headbutt Terence.
Terence is moderately wounded.
You block Terence's attack. Terence barely misses you.
You hit Terence but do no damage.
Terence is moderately wounded.
Terence hits you with a +2 flail of protection!
You die...

...##.....##.#.....#
.# #..........#
.######.####....######
.....##.####......#..
##.)......##....#...#
##.#.##.#.##.####..##
...#.##.#.##.# ...#
####.##......####@# ..
.....####.......@# ..
###### #########.# .
#.# ... $## .# . ..


You could see Terence (berserk).

Vanquished Creatures
  A worm (D:2)
  4 endoplasms (D:1)
  A giant cockroach (D:1)
  3 goblins (D:1)
  A hobgoblin (D:1)
  2 jackals (D:1)
  2 quokkas (D:1)
  2 ball pythons (D:1)
  3 bats
  2 frilled lizards (D:1)
  A kobold (D:1)
  3 rats (D:1)
25 creatures vanquished.

Notes
Turn   | Place    | Note
-------+----------+-------------------------------------------
     0 | D:1      | qw the Minotaur Fighter began the quest for the Orb.
     0 | D:1      | Reached XP level 1. HP: 19/19 MP: 0/0
     0 | D:1      | 0 ||| qw: Version: 0.1-a-103-gd6f5d3a
     0 | D:1      | 0 ||| qw: Game counter: 5508
     0 | D:1      | 0 ||| qw: Always use a shield: true
     0 | D:1      | 0 ||| qw: God list: Ru
     0 | D:1      | 0 ||| qw: Allow faded altars: false
     0 | D:1      | 0 ||| qw: Do Orc after D:15 true
     0 | D:1      | 0 ||| qw: Do second Lair branch before Depths: true
     0 | D:1      | 0 ||| qw: Lair rune preference: random
     0 | D:1      | 0 ||| qw: Plans: Normal
     0 | D:1      | 0 ||| PLANNING D:1-11
    59 | D:1      | Found a faded altar of an unknown god.
    69 | D:1      | Reached skill level 3 in Axes
    83 | D:1      | Reached XP level 2. HP: 26/26 MP: 1/1
   199 | D:1      | Found Julusauw's Weapon Emporium.
   207 | D:1      | 207 ||| SHOPLISTING +0 mace (36 gold, have 15).
   207 | D:1      | 207 ||| SHOPLISTING +6 mace of Instant Death {holy, rCorr
                  | Int+5} (702 gold, have 15).
   281 | D:1      | 281 ||| Stepping ~*~*~tactically~*~*~ (stealth).
   469 | D:1      | Reached skill level 4 in Axes
   578 | D:1      | 578 ||| UPGRADING to +0 chain mail.
   588 | D:1      | 588 ||| DROPPING +0 scale mail.
   589 | D:1      | 589 ||| READING scroll labelled KACWOFEREM.
   735 | D:1      | 735 ||| READING scroll labelled FUMAITENIPS.
   774 | D:2      | 774 ||| STAIRDANCE
   846 | D:2      | 846 ||| STAIRDANCE
   961 | D:2      | Reached XP level 3. HP: 23/31 MP: 2/2
  1049 | D:2      | Noticed Terence
  1053 | D:2      | HP: 3/31 [Terence/+2 flail of protection (7)]
  1056 | D:2      | Slain by Terence

Levels and vault maps discovered:
D:1:      amcnicky_arrival_choice, layout_basic,
          ebering_ecumenical_altar_abandoned, serial_shops, shop, chequers_jeans
D:2:      layout_loops_cross, grunt_ministairs_1, uniq_natasha, uniq_terence

Skill      XL: |  1  2 |
---------------+-------+-----
Axes           | 3 4 |  4.3
Fighting       | |  3.6
Armour         | |  3.6
Shields        | |  3.6

Action                   || total
-------------------------++-------
Melee: War axe           ||    60
       Headbutt          ||    10
  Use: Scroll            ||     2
Armor: Scale mail        ||     9
       Chain mail        ||    20
Dodge: Dodged            ||    21
Block: Buckler           ||    13

Table legend:
 A = Non-vault XP
 B = Vault XP
 C = Vault XP percentage of total XP
 D = Non-vault monster count
 E = Vault monster count
 F = Vault count percentage of total count
                 A         B        C        D         E       F
            +---------+---------+-------+---------+---------+-------
      Total |      39 |       5 |  11.4 |      22 |       3 |  12.0
            +---------+---------+-------+---------+---------+-------
        D:1 |      32 |       5 |  13.5 |      20 |       3 |  13.0
        D:2 |       7 |       0 |   0.0 |       2 |       0 |   0.0
            +---------+---------+-------+---------+---------+-------
